 Dungeon Crawl Stone Soup version 0.28-a0-1524-ge72afd5fc6 (webtiles) character file.

Game seed: 3005034721222137393

128761 browni3141 the Phalangite (level 17, -2/149 HPs)
             Began as a Merfolk Gladiator on Jan 17, 2022.
             Was an Initiate of Gozag.
             Shot with a sling bullet by a satyr (13 damage)
             ... on level 4 of the Shoals.
             The game lasted 00:49:56 (33985 turns).

browni3141 the Phalangite (Merfolk Gladiator)      Turns: 33985, Time: 00:49:57

Health: -2/149     AC: 15    Str: 16    XL:     17   Next: 4%
Magic:  17/17      EV: 25    Int: 10    God:    Gozag
Gold:   1086       SH:  5    Dex: 34    Spells: 16/16 levels left

rFire   + + +      SeeInvis .   V - +9 glaive (venom)
rCold   + . .      Faith    .   (shield currently unavailable)
rNeg    . . .      Spirit   .   C - +1 chain mail of the Thinker {Dex+2 Slay+3}
rPois   .          Reflect  +   O - +1 hat
rElec   .          Harm     .   J - scarf {rC+ rF+}
rCorr   .          Rampage  .   c - +0 pair of fencer's gloves {Riposte Dex+3}
Will    +....                   P - +1 pair of boots
Stlth   +++.......              F - amulet of reflection
HPRegen 0.34/turn               h - +6 ring of strength
MPRegen 0.15/turn               H - ring of the Magpie {rF+++ Str-5 Int+2 Dex+7 Slay+3}

@: gold aura, studying Dodging
A: (nimble swimmer 2), mertail
a: Renounce Religion, Potion Petition, Call Merchant, Bribe Branch


You were on level 4 of the Shoals.
You worshipped Gozag.
Gozag was most pleased with you.
You visited 4 branches of the dungeon, and saw 25 of its levels.
You also visited: Sewer, Gauntlet and Ice Cave.

You collected 6951 gold pieces.
You spent 5064 gold pieces at shops.
You paid 801 gold pieces to Gozag.

Inventory:

Hand Weapons
 V - a +9 glaive of venom (weapon)
Missiles
 q - 20 poisoned darts (quivered)
 S - 6 throwing nets
 W - 6 curare-tipped darts
Armour
 c - the +0 pair of fencer's gloves (worn) {Riposte Dex+3}
   (You bought it in a shop on level 4 of the Lair of Beasts)

   It allows the wearer to riposte with melee weapons, swiftly retaliating
   against missed attacks.
   Dex:       It affects your dexterity (+3).
 B - the +1 plate armour "Maynen" {rElec Str+2}
   (You bought it in a shop on level 4 of the Lair of Beasts)

   Str:       It affects your strength (+2).
   rElec:     It insulates you from electricity.
 C - the +1 chain mail of the Thinker (worn) {Dex+2 Slay+3}
   (You bought it in a shop on level 4 of the Lair of Beasts)

   Dex:       It affects your dexterity (+2).
   Slay:      It affects your accuracy & damage with ranged weapons and melee
   (+3).
 J - a scarf of resistance (worn)
 O - a +1 hat (worn)
 P - a +1 pair of boots (worn)
Jewellery
 h - a +6 ring of strength (left hand)
 i - a ring of protection from fire
 s - a +6 ring of strength
 F - an amulet of reflection (around neck)
 H - the ring of the Magpie (right hand) {rF+++ Str-5 Int+2 Dex+7 Slay+3}
   (You bought it in a shop on level 2 of the Shoals)

   [ring of slaying]

   Str:       It affects your strength (-5).
   Int:       It affects your intelligence (+2).
   Dex:       It affects your dexterity (+7).
   Slay:      It affects your accuracy & damage with ranged weapons and melee
   (+3).
   rF:        It renders you almost immune to fire.
 I - a ring of positive energy
 M - an amulet of guardian spirit
 N - a ring of protection from cold
Wands
 a - a wand of paralysis (5)
 G - a wand of flame (48)
 L - a wand of polymorph (13)
 X - a wand of charming (2)
 Y - a wand of acid (9)
Scrolls
 d - 5 scrolls of silence
 e - a scroll of summoning
 g - 2 scrolls of immolation
 k - 5 scrolls of teleportation
 m - 3 scrolls of torment
 r - 2 scrolls of enchant weapon
 t - 2 scrolls of noise
 u - 4 scrolls of blinking
 w - 3 scrolls of amnesia
 y - 3 scrolls of identify
 z - 4 scrolls of fear
 D - 2 scrolls of vulnerability
 E - 7 scrolls of enchant armour
 K - 3 scrolls of fog
 U - 2 scrolls of magic mapping
Potions
 b - 3 potions of cancellation {unknown}
 f - 5 potions of flight
 j - 2 potions of mutation {unknown}
 l - 2 potions of degeneration {unknown}
 n - 4 potions of magic
 o - 3 potions of lignification {unknown}
 p - 2 potions of invisibility {unknown}
 v - 4 potions of curing {unknown}
 x - a potion of ambrosia
 A - 4 potions of brilliance {unknown}
 Q - 2 potions of heal wounds {unknown}
 R - 2 potions of might {unknown}
 T - 4 potions of attraction
 Z - a potion of berserk rage {unknown}


   Skills:
 + Level 18.1 Fighting
 * Level 21.9 Polearms
 - Level 2.0 Throwing
 - Level 5.0 Armour
 + Level 21.8 Dodging
 + Level 10.9 Stealth


You had 16 spell levels left.
You didn't know any spells.
Your spell library contained the following spells:

 Spells                   Type           Power      Damage    Failure   Level
 Animate Skeleton         Necr           0%         N/A       99%         1
 Apportation              Tloc           0%         N/A       99%         1
 Foxfire                  Conj/Fire      0%         2x1d4     99%         1
 Summon Small Mammal      Summ           0%         N/A       99%         1
 Conjure Flame            Conj/Fire      0%         6-21      100%        3
 Inner Flame              Hex/Fire       0%         N/A       100%        3
 Summon Guardian Golem    Hex/Summ       0%         N/A       100%        3
 Tukima's Dance           Hex            0%         N/A       100%        3
 Anguish                  Hex/Necr       0%         N/A       100%        4
 Flame Wave               Conj/Fire      0%         2d4       100%        4
 Fireball                 Conj/Fire      0%         3d3       100%        5
 Iskenderun's Battlesphe  Conj           0%         2d6       100%        5
 Conjure Ball Lightning   Conj/Air       0%         3x3d6     100%        6
 Enfeeble                 Hex            0%         N/A       100%        7
 Orb of Destruction       Conj           0%         9d5       100%        7
 Spellforged Servitor     Conj/Summ      0%         N/A       100%        7
 Discord                  Hex            0%         N/A       100%        8
 Disjunction              Tloc           0%         N/A       100%        8


Dungeon Overview and Level Annotations

Branches:
Dungeon (14/15)            Temple (1/1) D:4            Lair (6/6) D:10
 Shoals (4/4) Lair:4       Spider (0/4) Lair:4        Slime (0/5) Lair:6
    Orc (0/2) D:12          Sewer (visited)           IceCv (visited)
Gauntlet (visited)
 Vaults: D:13-14

Altars:
Ashenzari
Cheibriados
Dithmenos
Elyvilon
Fedhas
Gozag
Hepliaklqana
Kikubaaqudgha
Makhleb
Nemelex Xobeh
Okawaru
Qazlal
Ru
Sif Muna
Trog
Uskayaw
Vehumet
Wu Jian
Xom
Yredelemnul
Zin
The Shining One
Jiyva

Shops:
D:1 [?=   D:12 =   Lair:4 [   Shoals:2 =   Shoals:3 :

Annotations:
D:13 Azrael


Innate Abilities, Weirdness & Mutations

((You are very nimble when in or above water. (Stealth+, EV+, Speed+++)))
Your lower body shifts to a powerful aquatic tail in water.


Message History

Reach: V) +9 glaive (venom)
Press: ? - help, Dir - move target, f/p - satyr
Aim: a satyr, wielding a +0 fustibalus and quivering sling bullets (lightly wounded, very poisoned, about 21% to evade your +9 glaive of venom)
You reach to attack!
The satyr shouts!
You slice the satyr!!
The satyr is heavily wounded.
The satyr shoots a sling bullet.
The sling bullet completely misses you.
Okay, then.
Press: ? - help, v - describe, . - travel
Here: a satyr, wielding a +0 fustibalus and quivering sling bullets (heavily wounded, very poisoned)
The floor, spattered with blood.
As you read the scroll of fear, it crumbles to dust.
You assume a fearsome visage.
The satyr looks frightened!
The satyr resists with some effort.
The satyr shoots a sling bullet.
The sling bullet completely misses you.
Okay, then.
Unknown command.
Okay, then.
Your +1 pair of boots unmelds from your body.
You see here 5 gold pieces.
As you read the scroll of summoning, it crumbles to dust.
Wisps of shadow whirl around you...
The satyr is distracted by your dazzling golden aura.
Unknown command.
Unknown command.
What are your orders? t - Shout!
Orders for allies: a - Attack new target. p - Attack previous target. r - Retreat! s - Stop attacking. g - Guard the area. f - Follow me.
Anything else - Cancel.
Gang up on whom?
Press: ? - help, Dir - move target, f/p - satyr
Aim: a satyr, wielding a +0 fustibalus and quivering sling bullets (heavily wounded, poisoned) Attack!
The satyr shoots a sling bullet.
The sling bullet barely misses your merfolk.
The sling bullet hits you!
You die...
Your body crumbles into a pile of gold.

###8.≈#########≈≈≈#≈
#...≈#.....#)##≈≈.#
..≈.#.≈.$$....#..##≈≈#
....#$$$.$.≈..#(...#≈.
......$$.$...c.$$.≈.≈≈
≈...#$$8#.....)c#
....#.c≈##....#≈# #'#
#...###.$##m# ≈≈
#...#...≈.@H# $
#...#...≈.H.#
#≈≈..#..H.$.#
.8.8....#.$##
..c.....###. .....c..#
.≈ .......## (≈.
..≈##. .##. $ ≈8 ..


You could see 2 satyrs, a friendly merfolk (summoned) and 3 friendly harpies.

Vanquished Creatures
  Mlioglotl (Shoals:1)
  A sphinx (Shoals:4)
  A reaper (IceCv)
  A minotaur (Gauntlet)
  A merfolk javelineer (Shoals:1)
  2 merfolk impalers
  Harold (Lair:2)
  4 merfolk avatars
  Fannar (D:11)
  3 boulder beetles
  3 hydras
  4 catoblepae
  8 satyrs
  2 alligator snapping turtles
  2 centaur warriors
  3 two-headed ogres
  13 death yaks
  4 merfolk aquamancers
  A death scarab (Gauntlet)
  Urug (Lair:3)
  Sonja (D:12)
  4 slime creatures
  16 sea snakes
  A necromancer (D:14)
  A lindwurm (shapeshifter) (Gauntlet)
  19 harpies
  A wolf spider (Lair:4)
  5 cyclopes
  A wolf spider zombie (D:14)
  14 manticores
  An ugly thing (D:14)
  22 fauns
  5 black mambas
  4 merfolk sirens
  16 elephants
  7 water nymphs
  A centaur zombie (D:11)
  2 ice statues (IceCv)
  3 gargoyles
  8 cane toads
  A torpor snail (Lair:6)
  5 rime drakes
  2 kobold demonologists
  8 komodo dragons
  7 ice devils (IceCv)
  2 anaconda simulacra (IceCv)
  3 polar bears
  3 trolls (D:12)
  18 merfolk
  5 snapping turtles
  4 wind drakes
  3 blink frogs (Lair:2)
  6 dream sheep
  A spectral black mamba (Gauntlet)
  10 water elementals
  3 centaur simulacra (D:14)
  2 wraiths (D:11)
  62 yaks
  Sigmund (D:4)
  A shadow (D:11)
  A vampire (D:11)
  6 basilisks
  7 wyverns
  2 fire elementals (D:13)
  3 steam dragons
  A spectral komodo dragon (Gauntlet)
  4 redbacks (Lair:4)
  A death yak simulacrum (IceCv)
  A harpy simulacrum (IceCv)
  Edmund (D:5)
  22 water moccasins
  Duvessa (D:5)
  Pargi (Sewer)
  An ice beast (D:6)
  6 orc warriors
  3 necrophages
  2 black bears
  10 centaurs
  27 wolves
  A phantom (D:5)
  A kobold brigand (D:9)
  9 bullfrogs
  3 gnoll sergeants
  4 scorpions
  A two-headed ogre simulacrum (IceCv)
  A cane toad simulacrum (IceCv)
  A wyvern skeleton (D:7)
  3 water moccasin skeletons
  Dowan (D:5)
  An elephant simulacrum (IceCv)
  5 killer bees
  8 howler monkeys
  8 electric eels
  3 hounds
  3 jellies (Gauntlet)
  A bullfrog skeleton (D:4)
  2 centaur skeletons (D:7)
  8 orc priests
  Crazy Yiuf (D:4)
  A gnoll shaman (D:7)
  4 iguanas
  15 orc wizards
  A spriggan simulacrum (IceCv)
  A troll simulacrum (IceCv)
  2 wolf simulacra (IceCv)
  15 gnolls
  2 howler monkey zombies (D:6)
  9 adders
  6 naga simulacra (IceCv)
  2 river rats (D:4)
  2 shadow imps (D:8)
  A white imp (D:5)
  3 ufetubi (IceCv)
  An adder skeleton (D:4)
  3 worms
  2 dart slugs (D:3)
  62 orcs
  7 endoplasms
  4 giant cockroaches
  7 goblins
  14 hobgoblins
  12 kobolds
  5 quokkas
  7 ball pythons
  7 bats
  7 frilled lizards
  7 rats
710 creatures vanquished.

Vanquished Creatures (collateral kills)
  A hydra (D:14)
  A vault guard (D:14)
  A death knight (D:14)
  A death scarab (Gauntlet)
  An orb spider (shapeshifter) (D:14)
  A freezing wraith (D:14)
  A spectral black mamba (Gauntlet)
  A wraith (D:14)
  3 killer bees (D:14)
11 creatures vanquished.

Vanquished Creatures (others)
  A merfolk aquamancer (Shoals:2)
  A freezing wraith (D:14)
  2 killer bees (D:14)
  A howler monkey (D:8)
  A bush (Lair:5)
  A demonic plant (Gauntlet)
  23 fungi
  101 plants
131 creatures vanquished.

Grand Total: 852 creatures vanquished

Notes
Turn   | Place    | Note
-------+----------+-------------------------------------------
     0 | D:1      | browni3141 the Merfolk Gladiator began the quest for the
                  | Orb.
     0 | D:1      | Reached XP level 1. HP: 16/16 MP: 1/1
   169 | D:1      | Found Beyfyog's Jewellery Emporium.
   274 | D:1      | Reached skill level 5 in Polearms
   407 | D:1      | Reached XP level 2. HP: 22/22 MP: 2/2
   450 | D:1      | Found Remud's Antique Armour Emporium.
   519 | D:1      | Found Veomobix's Magic Scroll Shop.
   647 | D:2      | Reached XP level 3. HP: 23/27 MP: 3/3
   851 | D:2      | Noticed a scorpion
   857 | D:2      | Killed a scorpion
   858 | D:2      | Reached XP level 4. HP: 14/33 MP: 4/4
  1192 | D:2      | Found a faded altar of an unknown god.
  1473 | D:3      | Noticed a black bear
  1478 | D:3      | Killed a black bear
  1479 | D:3      | Reached XP level 5. HP: 38/38 MP: 5/5
  1764 | D:3      | Reached XP level 6. HP: 20/44 MP: 6/6
  2677 | D:3      | Reached skill level 10 in Polearms
  2888 | D:4      | Noticed a necrophage
  2895 | D:4      | Killed a necrophage
  3151 | D:4      | Found a shadowy altar of Dithmenos.
  3176 | D:4      | Reached XP level 7. HP: 49/50 MP: 7/7
  3242 | D:4      | Found a glowing drain.
  3250 | Sewer    | Entered a sewer
  3305 | Sewer    | Noticed Pargi
  3327 | Sewer    | Killed Pargi
  3581 | D:4      | Noticed Sigmund
  3704 | D:4      | Killed Sigmund
  3891 | D:4      | Found a staircase to the Ecumenical Temple.
  4084 | Temple   | Entered the Ecumenical Temple
  4174 | Temple   | Became a worshipper of Gozag Ym Sagoz the Greedy
  4205 | D:5      | Entered Level 5 of the Dungeon
  4213 | D:5      | Reached XP level 8. HP: 56/56 MP: 8/8
  4801 | D:5      | Found a runed translucent door.
  4802 | D:5      | Noticed Crazy Yiuf
  4932 | D:5      | Noticed Edmund
  4948 | D:5      | Killed Edmund
  4949 | D:5      | Reached skill level 1 in Stealth
  5114 | D:5      | Noticed Duvessa
  5116 | D:5      | Noticed Dowan
  5146 | D:5      | Killed Duvessa
  5147 | D:5      | Reached skill level 5 in Dodging
  5170 | D:5      | Killed Dowan
  5655 | D:4      | Killed Crazy Yiuf
  6120 | D:6      | Reached XP level 9. HP: 65/65 MP: 9/9
  6662 | D:7      | Reached skill level 5 in Fighting
  6709 | D:7      | Reached skill level 5 in Stealth
  8573 | D:9      | Reached XP level 10. HP: 76/77 MP: 10/10
  8956 | D:9      | Noticed a two-headed ogre
  8969 | D:9      | Killed a two-headed ogre
  8974 | D:9      | Noticed a gargoyle
  8982 | D:9      | Reached skill level 15 in Polearms
  9018 | D:9      | Killed a gargoyle
  9550 | D:10     | Entered Level 10 of the Dungeon
  9906 | D:9      | Reached skill level 10 in Dodging
  9933 | D:9      | Reached XP level 11. HP: 34/86 MP: 11/11
  9937 | D:9      | HP: 3/86 [wyvern (11)]
 10632 | D:10     | Found a staircase to the Lair.
 11711 | D:11     | Noticed a two-headed ogre
 11718 | D:11     | Noticed a cyclops
 12190 | D:10     | Killed a two-headed ogre
 12234 | D:10     | Killed a cyclops
 12295 | D:11     | Noticed a manticore
 12307 | D:11     | Killed a manticore
 12454 | D:11     | Noticed a cyclops
 12462 | D:11     | Killed a cyclops
 12820 | D:11     | Noticed Fannar
 12836 | D:11     | Killed Fannar
 12837 | D:11     | Reached skill level 10 in Fighting
 12837 | D:11     | Reached XP level 12. HP: 47/97 MP: 12/12
 13147 | D:11     | Found a shimmering altar of Xom.
 13566 | D:12     | Identified the +1 robe of the Lumpy Seers {rPois rN+}
 13736 | D:12     | Noticed Sonja
 13747 | D:12     | Found Ceqomil's Jewellery Shoppe.
 13749 | D:12     | Killed Sonja
 13807 | D:12     | Noticed a two-headed ogre
 13816 | D:12     | Killed a two-headed ogre
 14044 | D:12     | Noticed a boulder beetle
 14067 | D:12     | Killed a boulder beetle
 14385 | D:12     | Found a staircase to the Orcish Mines.
 14597 | D:12     | You fall into a shaft and drop 2 floors!
 14602 | D:14     | Noticed a four-headed hydra
 14628 | D:14     | Noticed a seven-headed hydra
 14645 | D:14     | Killed a seven-headed hydra
 14648 | D:14     | Noticed a death knight
 14652 | D:14     | Killed a death knight
 14670 | D:14     | Noticed a vault guard
 14672 | D:14     | Noticed a centaur warrior
 14676 | D:14     | Killed a vault guard
 14689 | D:14     | Noticed a vault guard
 15009 | D:13     | Noticed a boulder beetle
 15032 | D:13     | Killed a boulder beetle
 15033 | D:13     | Reached XP level 13. HP: 72/107 MP: 13/13
 15173 | D:13     | Noticed Azrael
 15319 | D:12     | Found a burning altar of Makhleb.
 15321 | D:12     | Noticed an Executioner
 15535 | Lair:1   | Entered Level 1 of the Lair of Beasts
 16985 | Lair:2   | Found a gate leading to a gauntlet.
 17100 | Gauntlet | Entered a Gauntlet
 17100 | Gauntlet | Found a transporter.
 17104 | Gauntlet | Found a transporter.
 17106 | Gauntlet | Found a transporter.
 17120 | Gauntlet | Found a transporter.
 17122 | Gauntlet | Found a transporter.
 17132 | Gauntlet | Found a transporter.
 17148 | Gauntlet | Found a transporter.
 17158 | Gauntlet | Found a transporter.
 17165 | Gauntlet | Noticed a great orb of eyes
 17168 | Gauntlet | Found a transporter.
 17183 | Gauntlet | Found a transporter.
 17199 | Gauntlet | Found a transporter.
 17227 | Gauntlet | Reached skill level 15 in Dodging
 17246 | Gauntlet | Found a transporter.
 17246 | Gauntlet | Found a transporter.
 17286 | Gauntlet | HP: 2/107 [death scarab (5)]
 17288 | Gauntlet | Found a transporter.
 17675 | Gauntlet | Identified the +2 pair of gloves "Moutuits" {Harm Fly
                  | Slay-5}
 17688 | Gauntlet | Noticed a minotaur
 17695 | Gauntlet | Killed a minotaur
 17890 | Lair:2   | Noticed Harold
 17903 | Lair:2   | Killed Harold
 18862 | Lair:3   | Noticed Urug
 18947 | Lair:3   | Killed Urug
 19176 | Lair:3   | Reached XP level 14. HP: 100/119 MP: 14/14
 19693 | Lair:3   | Found a glowing golden altar of the Shining One.
 20118 | Lair:4   | Found a frozen archway.
 20158 | IceCv    | Entered an ice cave
 20961 | IceCv    | Noticed a reaper
 20987 | IceCv    | Killed a reaper
 20988 | IceCv    | Reached skill level 1 in Armour
 21990 | Lair:4   | Found a staircase to the Shoals.
 22273 | Lair:4   | Found a hole to the Spider Nest.
 23569 | Lair:5   | Reached skill level 15 in Fighting
 24666 | Lair:6   | Entered Level 6 of the Lair of Beasts
 24666 | Lair:6   | Found a viscous altar of Jiyva.
 24666 | Lair:6   | Found a staircase to the Slime Pits.
 24967 | Lair:6   | Identified the +0 halberd of Destiny {vorpal, rF+ rN++
                  | Dex-3}
 25482 | Lair:4   | Bought the +0 pair of fencer's gloves {Riposte Dex+3} for
                  | 1280 gold pieces
 25482 | Lair:4   | Found the +0 pair of fencer's gloves {Riposte Dex+3}
 25487 | Lair:4   | Bought a crude plate armour for 896 gold pieces
 25487 | Lair:4   | Identified the +1 plate armour "Maynen" {rElec Str+2} (You
                  | bought it in a shop on level 4 of the Lair of Beasts)
 25497 | Lair:4   | Bought a pitted chain mail for 304 gold pieces
 25497 | Lair:4   | Identified the +1 chain mail of the Thinker {Dex+2 Slay+3}
                  | (You bought it in a shop on level 4 of the Lair of Beasts)
 25756 | Lair:6   | Reached XP level 15. HP: 129/129 MP: 15/15
 26165 | Lair:6   | Reached skill level 5 in Armour
 26996 | Shoals:1 | Entered Level 1 of the Shoals
 27242 | Shoals:1 | Noticed Mlioglotl
 27403 | Shoals:1 | Killed Mlioglotl
 28886 | Shoals:2 | Reached XP level 16. HP: 127/141 MP: 16/16
 29533 | Shoals:2 | Found Vusuojamn's One-of-a-Kind Rings.
 29540 | Shoals:2 | Bought the ring of the Magpie {rF+++ Str-5 Int+2 Dex+7
                  | Slay+3} for 1144 gold pieces
 31873 | Shoals:3 | Found Voedesm's Self-Improvement Boutique.
 31886 | Shoals:3 | Reached skill level 10 in Stealth
 32198 | Shoals:3 | Bought a manual of Dodging for 1440 gold pieces
 32456 | Shoals:4 | Entered Level 4 of the Shoals
 33803 | Shoals:4 | HP: 5/143 [satyr/arrow (23)]
 33920 | Shoals:4 | Reached XP level 17. HP: 44/149 MP: 17/17
 33945 | Shoals:4 | Noticed a sphinx
 33958 | Shoals:4 | Killed a sphinx
 33985 | Shoals:4 | Shot with a sling bullet by a satyr

Illustrated notes

Levels and vault maps discovered:
D:1:      minmay_arrival_nine_rooms, layout_basic, serial_shops, shop,
          nicolae_shop_crystal, shop, minmay_pentomino_q4
D:2:      layout_basic, hellmonk_ecumenical_altar_run_dry
D:3:      minmay_razor_zed, layout_basic, minmay_starry_boxes
D:4:      layout_cave_pools, nicolae_dithmenos_shadow_blocks,
          minmay_temple_entry_wispy, lightli_sewer_entry_pipes, uniq_sigmund
D:5:      layout_loops_ring, uniq_edmund, uniq_crazy_yiuf_cottage, uniq_duvessa
D:6:      layout_basic, nicolae_elevator_lobby_plus
D:7:      layout_loops_ring
D:8:      kennysheep_spiral_hall, layout_loops_ring, kennysheep_nub
D:9:      layout_basic
D:10:     layout_basic, minmay_lair_entry_grove
D:11:     layout_rooms, minivault_10, serial_park_tiny_pond, tgw_xom,
          uniq_fannar
D:12:     layout_basic, hiddenorc2_lemuel, serial_shops, nicolae_shop_stone,
          makhleb_altar_promises_db, uniq_sonja
D:13:     layout_loops_ring, uniq_azrael
D:14:     layout_rooms, lightli_vaults_fourway_checkpoint, minivault_7,
          uniq_snorg
Temple:   dpeg_three_leaves_temple
Lair:1:   layout_loops_ring, dpeg_stationary_puzzle
Lair:2:   layout_cave_pods, gauntlet_entry_generic, uniq_harold
Lair:3:   layout_gridlike, st_stairs_9, lemuel_centaur_altar,
          grunt_megastairs_3, uniq_urug
Lair:4:   layout_layer_cave, minmay_shoals_entry_centaurs,
          spider_nest_entry_funnel_web, portal_ice_cave_entry_pillars_1
Lair:5:   layout_loops_ring, nzn_sisyphean_effort
Lair:6:   evilmike_catoblepas_cave, layout_loops_ring, slime_altar_1,
          serial_bayou, serial_bayou_lake_a, serial_bayou_shore_b,
          serial_bayou_pond_c, serial_bayou_pond_e, serial_bayou_shore_b,
          lemuel_fruit_tree
Shoals:1: cheibrodos_shoals_epimethial_gifts, layout_shoals, uniq_mlioglotl
Shoals:2: layout_shoals, nicolae_shop_unique_rings
Shoals:3: layout_shoals, nicolae_shop_self_help
Shoals:4: shoals_end_hellmonk_lost_city

Skill      XL: |  1  2  3  4  5  6  7  8  9 10 11 12 13 14 15 16 |
---------------+-------------------------------------------------+-----
Polearms       | 5 6 7 9 11 13 14 15 17 18 20 21 | 21.9
Stealth        | 3 6 8 9 10 | 10.9
Fighting       | 4 6 8 10 11 13 15 17 18 | 18.1
Dodging        | 5 8 10 12 14 16 18 20 21 | 21.8
Armour         | 4 5 |  5.0
Throwing       | |  2.0

Action                   |  1- 3 |  4- 6 |  7- 9 | 10-12 | 13-15 | 16-18 || total
-------------------------+-------+-------+-------+-------+-------+-------++-------
Melee: Trident           |    54 |   165 |   335 |       |       |       ||   554
       Punch             |     1 |     1 |     4 |       |       |       ||     6
       Tailslap          |       |       |     1 |       |     8 |     7 ||    16
       Halberd           |       |       |    92 |   103 |       |       ||   195
       Glaive            |       |       |       |   437 |   903 |   345 ||  1685
Throw: Throwing net      |       |     3 |       |       |       |       ||     3
       Dart              |       |     5 |     7 |    21 |       |    18 ||    51
Invok: Call Merchant     |       |       |       |       |     1 |       ||     1
Evoke: Wand              |       |       |       |     5 |    15 |       ||    20
  Use: Scroll            |       |     2 |       |    17 |    12 |     3 ||    34
       Potion            |       |       |       |     1 |       |     1 ||     2
 Stab: Sleeping          |     3 |     4 |    11 |    11 |    21 |     3 ||    53
       Distracted        |       |     1 |     1 |     3 |     7 |    14 ||    26
       Held in net/web   |       |     1 |       |       |       |       ||     1
       Fleeing           |       |       |       |     1 |       |       ||     1
       Paralysed         |       |       |       |       |     4 |       ||     4
       Petrified         |       |       |       |       |     8 |       ||     8
       Petrifying        |       |       |       |       |     1 |       ||     1
Armor: Leather armour    |     8 |    17 |     8 |       |       |       ||    33
       Robe              |       |       |     6 |    20 |    63 |       ||    89
       Ring mail         |       |       |    50 |   108 |       |       ||   158
       Chain mail        |       |       |       |       |    48 |    36 ||    84
Dodge: Dodged            |    19 |    70 |   112 |   301 |   527 |   224 ||  1253
Block: Other             |       |       |    31 |    81 |   113 |    51 ||   276
       Reflection        |       |       |       |     2 |    10 |    15 ||    27
       Rpst.: Glaive     |       |       |       |       |    28 |    22 ||    50

Table legend: (Time is in decaauts)
 A = Elapsed time spent in this place.
 B = Non-inter-level travel time spent in this place.
 C = Inter-level travel time spent in this place.
 D = Time resting spent in this place.
 E = Time spent auto-exploring this place.
 F = Levels seen in this place.
 G = Mean time per level.
                   A        B        C        D        E       F      G
               +--------+--------+--------+--------+--------+-----+--------+
         Total |  32613 |  31652 |    961 |   4214 |  22000 |  28 | 1164.8 |
       Dungeon |  14869 |  14287 |    582 |   1760 |   9872 |  14 | 1062.1 |
        Temple |    102 |     91 |     11 |      0 |     55 |   1 |  102.0 |
          Lair |   9149 |   8851 |    298 |   1072 |   6468 |   6 | 1524.8 |
        Shoals |   6239 |   6170 |     69 |    877 |   4404 |   4 | 1559.8 |
         Sewer |    215 |    215 |      0 |      0 |    154 |   1 |  215.0 |
      Ice Cave |   1433 |   1433 |      0 |    141 |   1029 |   1 | 1433.0 |
      Gauntlet |    605 |    605 |      0 |    363 |     17 |   1 |  605.0 |
               +--------+--------+--------+--------+--------+-----+--------+

Top non-repeatable levels by time:
Shoals:3: 2957 daAuts
  Lair:5: 2108 daAuts
  Lair:4: 1952 daAuts
     D:9: 1800 daAuts
Shoals:1: 1650 daAuts
  Lair:2: 1600 daAuts
    D:10: 1566 daAuts
     D:3: 1481 daAuts
    D:12: 1480 daAuts
     D:8: 1475 daAuts
     D:5: 1469 daAuts
   IceCv: 1433 daAuts
  Lair:6: 1267 daAuts
  Lair:3: 1229 daAuts
    D:11: 1135 daAuts
